 Dungeon Crawl Stone Soup version 0.25.0-11-g1f837a76a1 (webtiles) character file.

Game seed: 15912118531964961244

85 Delamore the Skirmisher (level 4, 0/38 HPs)
             Began as a Formicid Fighter on June 27, 2020.
             Slain by an adder (2 damage)
             ... on level 3 of the Dungeon.
             The game lasted 00:01:51 (2335 turns).

Delamore the Skirmisher (Formicid Fighter)          Turns: 2335, Time: 00:01:52

Health: 0/38       AC:  6    Str: 22    XL:     4   Next: 75%
Magic:  4/4        EV:  8    Int:  7    God:
Gold:   84         SH:  9    Dex: 10    Spells: 3/3 levels left

rFire    . . .     SeeInvis +   o - +1 spear (freeze)
rCold    . . .     Gourm    .   c - +0 kite shield
rNeg     . . .     Faith    .   b - +0 scale mail
rPois    .         Spirit   .   (helmet unavailable)
rElec    .         Reflect  .   (no cloak)
rCorr    .         Harm     .   (no gloves)
MR       .....                  (no boots)
Stlth    ..........             (no amulet)
HPRegen  0.12/turn              (no ring)
MPRegen  0.09/turn              (no ring)

@: lethally poisoned (0 -> -2), stab, flying
A: permanent stasis, dig shafts and tunnels, four strong arms, antennae 3
a: Dig, Shaft Self


You were on level 3 of the Dungeon.
You were not hungry.

You visited 1 branch of the dungeon, and saw 3 of its levels.

You collected 84 gold pieces.

Inventory:

Hand Weapons
 a - a +0 war axe
 o - a +1 spear of freezing (weapon)
Armour
 b - a +0 scale mail (worn)
 c - a +0 kite shield (worn)
Wands
 n - a wand of iceblast (3)
Scrolls
 e - a scroll of amnesia {unknown}
 g - a scroll of identify
 j - a scroll of enchant weapon
 l - a scroll of teleportation {unknown}
Potions
 d - 2 potions of might
Comestibles
 f - 2 rations


   Skills:
 + Level 4.6 Fighting
 + Level 3.5 Axes
 - Level 3.2 Armour
 - Level 3.6 Shields


You had 3 spell levels left.
You didn't know any spells.
Your spell library was empty.

Dungeon Overview and Level Annotations

Branches:
Dungeon (3/15)

Altars:
Sif Muna
Wu Jian
The Shining One

Annotations:
D:3 Sigmund


Innate Abilities, Weirdness & Mutations

You cannot be hasted, slowed, berserked, paralysed or teleported.
You can dig through walls and to a lower floor.
Your four strong arms can wield two-handed weapons with a shield.
You have a pair of large antennae on your head. (SInv)


Message History

You feel ready to backstab.
You feel sick. The adder bites you but does no damage.
You feel sick. The adder bites you.
* * * LOW HITPOINT WARNING * * *
It was a potion of haste.
Your stasis prevents you from being hasted.
The adder bites you but does no damage. You block the adder's attack.
It was a potion of flight.
You feel very buoyant.
You fly up into the air.
* * * LOW HITPOINT WARNING * * *
You feel sick. You block the adder's attack.
As you read the scroll labeled VANWUE XAEPEIRR, it crumbles to dust.
It is a scroll of identify.
j - a scroll of enchant weapon The adder bites you but does no damage.
As you read the scroll labeled MECIOPS YLUFUO, it crumbles to dust.
You feel blessed for a moment.
It was a scroll of remove curse.
The adder bites you.
You die...

#.# .. #.# #. . #.# #.##. #.#
#....######.# #.#........##.#
...#.##...#.##.#....##
..........#.##@#..... .
............@S.#....#.#
..........#.####.......
.......@..#.# ..... # #. .
..........#.# ... ..#. #. .
..........#.####.#...##.#. ..#.
........###...........#... ...
........#..............##.##...
#####.#.###.#####....#.#...##.#


You could see Sigmund and an adder.

Vanquished Creatures
  A howler monkey zombie (D:3)
  A worker ant zombie (D:3)
  2 adders (D:2)
  An ooze (D:1)
  A dart slug (D:1)
  3 bats
  2 giant cockroaches (D:1)
  6 goblins
  6 hobgoblins
  4 jackals (D:1)
  A quokka (D:2)
  3 frilled lizards
  4 kobolds
  A rat (D:1)
  3 plants (D:1)
39 creatures vanquished.

Notes
Turn   | Place    | Note
-------+----------+-------------------------------------------
     0 | D:1      | Delamore the Formicid Fighter began the quest for the Orb.
     0 | D:1      | Reached XP level 1. HP: 18/18 MP: 1/1
   178 | D:1      | Reached XP level 2. HP: 22/24 MP: 2/2
   513 | D:1      | Reached XP level 3. HP: 30/30 MP: 3/3
   897 | D:1      | Reached skill level 4 in Fighting
  1163 | D:2      | Found a glowing golden altar of the Shining One.
  1496 | D:2      | Found an ornate altar of the Wu Jian Council.
  1713 | D:2      | Reached XP level 4. HP: 35/37 MP: 4/4
  1833 | D:2      | Found a shimmering blue altar of Sif Muna.
  2288 | D:3      | Found a faded altar of an unknown god.
  2304 | D:3      | Noticed Sigmund
  2335 | D:3      | Slain by an adder

Illustrated notes

Levels and vault maps discovered:
D:1:      dpeg_arrival_radiant, layout_basic, serial_bayou, serial_bayou_pond_c,
          serial_bayou_lagoon_b, serial_bayou_pond_c, serial_bayou_ford_a
D:2:      layout_basic, lemuel_doored_altar, lemuel_round_altar,
          lemuel_round_altar
D:3:      layout_basic, lemuel_crystal_altar, chequers_ecumenical_altar_simple,
          serial_undead, serial_undead_c, serial_undead_e, serial_undead_d,
          serial_undead_b, first_ration, uniq_sigmund

Skill      XL: |  1  2  3 |
---------------+----------+-----
Fighting       | 4 |  4.6
Axes           | 3 |  3.5
Armour         | |  3.2
Shields        | |  3.6

Action                   |  1- 3 |  4- 6 || total
-------------------------+-------+-------++-------
Melee: War axe           |   145 |    35 ||   180
       Spear             |       |     4 ||     4
  Use: Potion            |       |     3 ||     3
       Scroll            |       |     2 ||     2
  Eat: Chunk             |     3 |     2 ||     5
Armor: Scale mail        |    45 |    24 ||    69
Dodge: Dodged            |    24 |    15 ||    39
Block: Kite shield       |    51 |    23 ||    74
